 Dungeon Crawl Stone Soup version 0.21-a0-59-g7b0e191 (webtiles) character file.

47 grindst0ne the Vexing (level 3, -1/24 HPs)
             Began as a Vampire Enchanter on June 16, 2017.
             Slain by a hobgoblin
             ... wielding a +0 club
              (5 damage)
             ... on level 2 of the Dungeon.
             The game lasted 00:03:41 (1432 turns).

grindst0ne the Vexing (Vampire Enchanter)           Turns: 1432, Time: 00:03:42

Health: -1/24      AC:  2    Str:  5 (7)  XL:     3   Next: 48%
Magic:  1/6        EV: 12    Int: 15 (17) God:
Gold:   49         SH:  0    Dex: 14 (15) Spells: 3/6 levels left

rFire    . . .     SeeInvis +   a - +1 dagger
rCold    + . .     Gourm    .   (no shield)
rNeg     + + .     Faith    .   b - +0 robe
rPois    +         Spirit   .   (no helmet)
rElec    .         Reflect  .   (no cloak)
rCorr    .         Harm     .   (no gloves)
MR       .....                  (no boots)
Stlth    ++++......             (no amulet)
HPRegen  0.04/turn              (no ring)
MPRegen  0.10/turn              (no ring)

@: regenerating slowly
A: fangs 3, see invisible, unbreathing
a: Bat Form


You were on level 2 of the Dungeon.
You were very thirsty.

You visited 1 branch of the dungeon, and saw 2 of its levels.

You collected 49 gold pieces.

Inventory:

Hand Weapons
 a - a +1 dagger (weapon)
Armour
 b - a +0 robe (worn)
Scrolls
 d - 3 scrolls of random uselessness {unknown}
 g - a scroll of identify {unknown}
 h - a scroll of immolation {unknown}
 i - 2 scrolls of fog {unknown}
Potions
 q - 12 potions of blood
Books
 c - a book of Maledictions

   Spells                             Type                      Level
   a - Corona                         Hexes                        1
   b - Ensorcelled Hibernation        Hexes/Ice                    2
   c - Confuse                        Hexes                        3
   d - Tukima's Dance                 Hexes                        3
   e - Dazzling Spray                 Conjuration/Hexes            3


   Skills:
 - Level 1.1 Short Blades
 - Level 2.1 Dodging
 + Level 5.6 Stealth
 - Level 2.0 Spellcasting
 + Level 5.7 Hexes


You had 3 spell levels left.
You knew the following spells:

 Your Spells              Type           Power        Failure   Level  Hunger
b - Ensorcelled Hibernat  Hex/Ice        ##....       11%         2    ###....
o - Corona                Hex            ###....      1%          1    #......


Dungeon Overview and Level Annotations

Branches:
Dungeon (2/15)

Altars:


Innate Abilities, Weirdness & Mutations

You heal slowly.
You have razor-sharp teeth.
You have supernaturally acute eyesight. (SInv)
You can survive without breathing.


Message History

You barely miss the hobgoblin.
The hobgoblin is heavily wounded.
The hobgoblin hits you with a club.
* * * LOW HITPOINT WARNING * * *
The goblin hits you but does no damage.
It was a potion of degeneration.
There was something very wrong with that liquid.
You feel weakened.
You feel dopey.
You feel clumsy. The hobgoblin barely misses you.
The goblin closely misses you.
You hit the hobgoblin. You bite the hobgoblin.
You draw the hobgoblin's blood!
You feel better.
You feel slightly less thirsty.
The hobgoblin is almost dead.
The hobgoblin closely misses you. The goblin completely misses you.
As you read the scroll labeled COIPNO TONAJO, it crumbles to dust.
It is a scroll of amnesia.
Forget which spell ([?*] list [ESC] exit)?
Forget which spell ([?*] list [ESC] exit)?
Okay, then.
The hobgoblin hits you with a club.
You die...

#.>.......
#..........# .
##..........# ..
#.......w.... ^..
#..........#
....#..........#.
.................
.......gg........
......†@.........
................#
....##...)...?..#
.## ##........##
#.......##
#.##.#### #.# .#
#.. ## ##


You could see a dart slug, a hobgoblin and a goblin.

Vanquished Creatures
  An adder (D:2)
  A dart slug (D:1)
  3 leopard geckos
  6 goblins (D:1)
  4 hobgoblins
  2 jackals (D:1)
  5 kobolds (D:1)
  A bat (D:1)
  5 frilled lizards (D:1)
  3 rats (D:1)
31 creatures vanquished.

Notes
Turn   | Place    | Note
-------+----------+-------------------------------------------
     0 | D:1      | grindst0ne the Vampire Enchanter began the quest for the Orb.
     0 | D:1      | Reached XP level 1. HP: 13/13 MP: 3/3
   324 | D:1      | Reached XP level 2. HP: 15/19 MP: 5/5
   328 | D:1      | Learned a level 2 spell: Ensorcelled Hibernation
   365 | D:1      | Reached skill level 5 in Hexes
   506 | D:1      | Reached skill level 5 in Stealth
  1248 | D:1      | Reached XP level 3. HP: 24/24 MP: 3/6
  1432 | D:2      | Slain by a hobgoblin

Vault maps used:
D:1:      erik_arrival_triangle_large
D:2:      serial_glass, glass_columns_b, glass_columns_b, glass_columns_a,
          glass_columns_b, hangedman_glass_teeth

Skill      XL: |  1  2 |
---------------+-------+-----
Hexes          | 5 |  5.7
Stealth        | 5 |  5.6
Short Blades   | |  1.1
Dodging        | |  2.1
Spellcasting   | |  2.0

Action                   || total
-------------------------++-------
Melee: Dagger            ||    83
       Bite              ||     5
 Cast: Ensorcelled Hiber ||    11
  Use: Scroll            ||     1
       Potion            ||     1
 Stab: Sleeping          ||    13
Armor: Robe              ||     9
Dodge: Dodged            ||    56
